 Dungeon Crawl Stone Soup version 0.19-a0-1886-gd64a0f0 (webtiles) character file.

2600 Amnesiac the Archer (level 9, -4/71 (72) HPs)
             Began as a Demonspawn Wanderer on Oct 16, 2016.
             Was a Believer of Dithmenos.
             Killed from afar by an electric eel (6 damage)
             ... with a bolt of electricity
             ... on level 8 of the Dungeon.
             The game lasted 00:15:03 (8001 turns).

Amnesiac the Archer (Demonspawn Wanderer)           Turns: 8001, Time: 00:15:04

HP:   -4/71 (72)    AC:  8    Str: 15    XL:     9   Next: 33%
MP:   0/9           EV: 10    Int: 14    God:    Dithmenos [**....]
Gold: 383           SH:  2    Dex: 15    Spells: 0 memorised, 8 levels left

rFire  . . .     SeeInvis .     a - +3 shortbow
rCold  . . .     Gourm    .     d - +1 ring mail
rNeg   . . .     Faith    .     (shield currently unavailable)
rPois  .         Spirit   +     (no helmet)
rElec  .         Dismiss  .     y - +0 cloak (curse)
rCorr  +         Reflect  +     D - +0 pair of gloves
MR     .....     Harm     .     (no boots)
Stlth  ++........               s - +2 amulet of reflection
                                (no ring)
                                p - ring of resist corrosion

@: wreathed by umbra
A: thin skeletal structure 1, magic shield, magic regeneration
a: Shadow Step, Renounce Religion


You were on level 8 of the Dungeon.
You worshipped Dithmenos.
Dithmenos was pleased with you.
You were not hungry.

You visited 2 branches of the dungeon, and saw 9 of its levels.

You collected 383 gold pieces.

Inventory:

Hand Weapons
 a - a +3 shortbow (weapon)
Missiles
 o - 115 arrows (quivered)
 u - 2 throwing nets
Armour
 d - a +1 ring mail (worn)
 y - a cursed +0 cloak (worn)
 D - a +0 pair of gloves (worn)
Jewellery
 c - an uncursed amulet of rage {unknown}
 p - a ring of resist corrosion (left hand)
 s - a +2 amulet of reflection (around neck)
 A - a cursed ring of teleportation {unknown}
Wands
 q - a wand of heal wounds (3/9)
Scrolls
 e - 9 scrolls of identify
 g - 4 scrolls of recharging
 h - 2 scrolls of amnesia
 i - a scroll of magic mapping
 n - a scroll of enchant weapon
 r - 3 scrolls of remove curse
Potions
 j - 2 potions of lignification
 k - 3 potions of heal wounds
 l - a potion of flight {unknown}
 t - 2 potions of berserk rage {unknown}
 x - a potion of mutation {unknown}
 z - a potion of cure mutation {unknown}
 C - a potion of might {unknown}
Books
 B - a book of Necromancy

   Spells                             Type                      Level
   a - Pain                           Necromancy                   1
   b - Animate Skeleton               Necromancy                   1
   c - Vampiric Draining              Necromancy                   3
   d - Regeneration                   Charms/Necromancy            3
   e - Animate Dead                   Necromancy                   4
   f - Control Undead                 Necromancy                   4
Comestibles
 f - 4 bread rations
 m - a meat ration
 v - a beef jerky
 w - a slice of pizza
 E - 3 chunks of flesh


   Skills:
 - Level 7.3 Fighting
   Level 1.0 Polearms
 + Level 10.0 Bows
 - Level 1.0 Throwing
 - Level 1.7 Armour
 - Level 1.0 Stealth
   Level 1.0 Shields


You had 8 spell levels left.
You didn't know any spells.

Dungeon Overview and Level Annotations

Branches:
Dungeon (8/15)             Temple (1/1) D:6
   Lair: D:8-11

Altars:
Cheibriados
Dithmenos
Elyvilon
Fedhas
Kikubaaqudgha
Makhleb
Okawaru
Qazlal
Ru
Sif Muna
Trog
Uskayaw
Vehumet
Xom
Yredelemnul
Zin
The Shining One

Shops:
D:8 [


Innate Abilities, Weirdness & Mutations

You have a somewhat thin skeletal structure. (Dex +2, Stealth)
When hurt, damage is shared between your health and your magic reserves.
You regenerate magic rapidly.


Message History

It was a scroll of random uselessness.
The big kobold hits you but does no damage.
The electric eel shoots out a bolt of lightning at you!
The bolt of electricity hits you!
* * * LOW HITPOINT WARNING * * *
The bolt of electricity hits you!
* * * LOW HITPOINT WARNING * * *
The hippogriff bites you.
* * * LOW HITPOINT WARNING * * *
The hippogriff pecks you.
* * * LOW HITPOINT WARNING * * *
The hippogriff claws you but does no damage.
Okay, then.
Okay, then.
Okay, then.
Okay, then.
You don't have enough magic at the moment.
The electric eel shoots out a bolt of lightning at you!
The bolt of electricity hits you!
You die...

≈≈§ #..?......
P≈≈§ #.........
##.P≈. #......≈..
....# #......≈..
....# #.....≈≈≈..
....# #....≈≈;≈≈.
....# #.....≈≈≈≈.
....# #.@....≈...
....# #.KK.(.≈...
≈...# #.K.!......
≈...# #H.K.......
....# #KKn######
.....# #zK.#
.....# #ln(#
+#...#
########K..#
.............KK.#


You could see a hippogriff, 2 big kobolds, 2 necrophages, an iguana, an electric
eel, a wight and 6 kobolds.

Vanquished Creatures
  Grinder (D:6)
  An orc warrior (D:8)
  2 sky beasts
  A necrophage (D:8)
  A phantom (D:6)
  4 ogres
  A wyvern zombie (D:4)
  A water moccasin zombie (D:5)
  A scorpion (D:4)
  3 killer bees (D:6)
  2 howler monkeys
  3 crimson imps
  A hound (D:4)
  3 orc priests (D:6)
  A centaur zombie (D:5)
  5 orc wizards
  2 bullfrog skeletons
  2 gnoll shamans
  Crazy Yiuf (D:6)
  4 iguanas
  A centaur skeleton (D:4)
  Terence (D:2)
  Natasha (thrice) (D:2)
  4 worker ants
  A hound skeleton (D:5)
  A mummy (D:8)
  7 adders
  16 gnolls
  A shadow imp (D:5)
  An ooze (D:1)
  An adder zombie (D:7)
  2 worms
  2 dart slugs
  6 leopard geckos
  18 orcs
  5 giant cockroaches
  7 hobgoblins
  13 jackals
  4 kobolds
  3 quokkas
  2 ball pythons
  10 bats
  5 frilled lizards
  10 goblins
  2 quokka skeletons
  5 rats
171 creatures vanquished.

Vanquished Creatures (others)
  A kobold (D:8)
  4 plants (D:5)
5 creatures vanquished.

Grand Total: 176 creatures vanquished

Notes
Turn   | Place    | Note
-------+----------+-------------------------------------------
     0 | D:1      | Amnesiac the Demonspawn Wanderer began the quest for the Orb.
     0 | D:1      | Amnesiac set off with: a +2 shortbow, 26 arrows, a potion of lignification, a +0 ring mail, a bread ration
     0 | D:1      | Reached XP level 1. HP: 15/15 MP: 1/1
     5 | D:1      | Reached skill level 3 in Bows
    13 | D:1      | Gained mutation: You have a somewhat thin skeletal structure. (Dex +2, Stealth) [demonic ancestry]
    13 | D:1      | Reached XP level 2. HP: 21/21 MP: 2/2
   102 | D:1      | Reached XP level 3. HP: 26/26 MP: 3/3
   290 | D:3      | Reached skill level 4 in Bows
   463 | D:4      | Noticed a scorpion
   475 | D:4      | Killed a scorpion
   475 | D:4      | Reached XP level 4. HP: 8/32 MP: 4/4
   673 | D:4      | Reached skill level 5 in Bows
   851 | D:4      | Gained mutation: When hurt, damage is shared between your health and your magic reserves. [demonic ancestry]
   851 | D:4      | Reached XP level 5. HP: 37/37 MP: 5/5
  1231 | D:4      | Reached skill level 6 in Bows
  1297 | D:4      | Reached XP level 6. HP: 43/43 MP: 6/6
  1871 | D:4      | Reached skill level 7 in Bows
  1903 | D:5      | Entered Level 5 of the Dungeon
  2466 | D:5      | Gained mutation: You regenerate magic rapidly. [demonic ancestry]
  2466 | D:5      | Reached XP level 7. HP: 37/48 MP: 5/7
  2717 | D:5      | Reached skill level 8 in Bows
  3435 | D:6      | Found a staircase to the Ecumenical Temple.
  3492 | Temple   | Entered the Ecumenical Temple
  3653 | Temple   | Became a worshipper of Dithmenos the Shadowed
  3689 | D:6      | Reached XP level 8. HP: 54/61 MP: 8/8
  4144 | D:6      | Reached skill level 5 in Fighting
  4763 | D:6      | Found a sacrificial altar of Ru.
  4790 | D:6      | Noticed Grinder
  4804 | D:6      | Killed Grinder
  5053 | D:6      | Found a runed door.
  5086 | D:6      | Reached * piety under Dithmenos
  6026 | D:2      | Noticed Terence
  6039 | D:2      | Killed Terence
  6268 | D:2      | Reached XP level 9. HP: 72/72 MP: 7/9
  6296 | D:2      | Reached skill level 9 in Bows
  6303 | D:2      | Reached ** piety under Dithmenos
  6332 | D:2      | Noticed Natasha
  6335 | D:2      | Killed Natasha
  6541 | D:2      | Noticed Natasha
  6547 | D:2      | Killed Natasha
  6670 | D:2      | Noticed Natasha
  6674 | D:2      | Killed Natasha
  7276 | D:6      | Noticed Crazy Yiuf
  7282 | D:6      | Killed Crazy Yiuf
  7941 | D:8      | Reached skill level 10 in Bows
  7957 | D:8      | Found Cutaoruc's Antique Armour Boutique.
  7999 | D:8      | HP: 2/71 [hippogriff (3)]
  8001 | D:8      | Killed from afar by an electric eel

Vault maps used:
D:1:      ncdulo_lavacross
D:2:      uniq_natasha, uniq_terence
D:5:      first_bread, serial_bayou, serial_bayou_pond_e, serial_bayou_lagoon_a,
          serial_bayou_shore_b, serial_bayou_crossing, serial_bayou_lake_a
D:6:      eino_tiny_chamber, kennysheep_crisscross,
          nicolae_ru_sacrificial_ziggurat, uniq_crazy_yiuf_cottage, uniq_grinder
D:8:      serial_undead, serial_undead_a, serial_undead_f, serial_undead_d,
          serial_undead_b, serial_undead_f, serial_undead_d, serial_undead_c,
          serial_undead_a, serial_shops, shop
Temple:   eino_temple_scatter_basement

Skill      XL: |  1  2  3  4  5  6  7  8  9 |
---------------+----------------------------+-----
Bows           | 3 4 5 6 7 8 10 | 10.0
Fighting       | 4 7 |  7.3
Polearms       | |  1.0
Throwing       | |  1.0
Armour         | |  1.7
Stealth        | |  1.0
Shields        | |  1.0

Action                   |  1- 3 |  4- 6 |  7- 9 || total
-------------------------+-------+-------+-------++-------
Melee: Unarmed           |       |       |   186 ||   186
 Fire: Shortbow          |    81 |   144 |   469 ||   694
Throw: Throwing net      |       |       |     1 ||     1
  Use: Potion            |     1 |     1 |     4 ||     6
       Scroll            |       |       |    13 ||    13
  Eat: Chunk             |       |     4 |    18 ||    22
Armor: Ring mail         |     7 |    10 |   119 ||   136
       Skin              |     4 |     2 |    39 ||    45
Dodge: Dodged            |    11 |    25 |   209 ||   245
Block: Other             |       |       |    24 ||    24
